Map: Ice and Chrome LE

Players

LiquidMaNa (MaNa)

  • Race: Protoss Protoss
  • League: Grandmaster
  • Spawn Location: 1:00

Reynor - Winner!

  • Race: Zerg Zerg
  • Spawn Location: 7:00

Event: DreamHack SC2 Masters 2020 Summer Europe

VOD

Have the link to the VOD?

Description

Time

  • Played on: July 11, 2020, 9:46 a.m.
  • Length: 12:03

All games in this series

Show
View Real Time Build Order
Export as new Build Order

LiquidMaNa Protoss 

Build Orders: 1 Gate Expand 

Get SALT Encoding   

  12  0:00  Probe  
  13  0:12  Probe  
  14  0:20  Pylon  
  14  0:24  Probe  
  15  0:34  Probe  
  15  0:42  Probe  
  16  0:44  Gateway  
  17  0:52  Probe  
  17  0:54  Assimilator  
  18  1:00  Probe  
  18  1:08  Probe  
  20  1:27  Nexus  
  20  1:35  Cybernetics Core  
  20  1:38  Probe  
  21  1:44  Assimilator  
  21  1:50  Probe  
  21  1:53  Pylon  
  22  2:02  Adept, Probe  
  23  2:12  Warp Gate  
  23  2:14  Probe  
  26  2:26  Probe  
  27  2:31  Stalker, Twilight Council  
  27  2:35  Probe  
  29  2:39  Probe  
  29  2:44  Probe  
  32  2:51  Probe  
  32  2:53  Robotics Facility  
  32  2:57  Probe  
  34  3:03  Probe  
  35  3:09  Probe  
  36  3:15  Probe  
  36  3:16  Adept  
  36  3:18  Gateway  
  39  3:20  Gateway  
  39  3:25  Shield Battery, Probe  
  40  3:28  Probe  
  40  3:30  Resonating Glaives  
  40  3:33  Gateway  
  41  3:36  Warp Prism  
  41  3:37  Probe  
  41  3:38  Gateway  
  41  3:40  Probe  
  45  3:51  Pylon  
  45  3:54  Pylon  
  45  3:57  Probe  
  46  4:04  Pylon  
  46  4:09  Probe x2  
  48  4:15  Adept x2  
  48  4:16  Observer  
  53  4:21  Probe x2  
  53  4:22  Assimilator  
  55  4:24  Assimilator  
  55  4:33  Probe x2  
  55  4:34  Adept x2  
  55  4:35  Adept x2  
  65  4:45  Probe x2  
  66  4:51  Pylon  
  67  4:57  Nexus, Probe  
  68  5:01  Pylon  
  68  5:02  Probe  
  68  5:06  Immortal  
  69  5:09  Forge  
  69  5:18  Probe  
  69  5:19  Probe  
  75  5:22  Sentry x2  
  79  5:34  Protoss Ground Weapons Level 1  
  79  5:37  Probe x2  
  79  5:40  Immortal  
  79  5:42  Robotics Bay  
  81  5:45  Shield Battery  
  81  5:46  Blink  
  81  5:48  Observer  
  81  5:49  Probe  
  86  6:01  Pylon  
  86  6:03  Pylon  
  86  6:04  Pylon  
  86  6:14  Probe x2  
  86  6:17  Probe  
  86  6:18  Assimilator  
  88  6:22  Assimilator, Probe x2  
  88  6:25  Probe  
  89  6:28  Disruptor  
  89  6:30  Probe x2  
  95  6:34  Probe  
  98  6:41  Probe x2  
  98  6:44  Stalker x4  
  108  6:51  Probe  
  108  6:53  Probe  
  108  6:54  Pylon  
  110  6:55  Colossus  
  110  7:02  Probe  
  110  7:03  Probe  
  110  7:08  Gateway  
  118  7:09  Gateway  
  118  7:18  Shield Battery x2  
  118  7:20  Stalker x2  
  118  7:21  Stalker  
  124  7:26  Protoss Ground Weapons Level 2  
  124  7:28  Probe  
  125  7:32  Gateway x2  
  125  7:39  Gateway, Colossus  
  125  7:40  Gateway  
  125  7:44  Templar Archives  
  131  7:58  Stalker  
  133  8:02  Pylon  
  133  8:06  Pylon  
  133  8:08  Photon Cannon  
  133  8:20  Pylon  
  133  8:21  Pylon  
  126  8:40  Stalker x7  
  126  8:41  Stalker x3  
  138  8:55  Disruptor  
  116  9:03  Stalker  
  116  9:04  Stalker x8  
  127  9:11  Adept  
  127  9:12  Probe  
  121  9:29  High Templar x4  
  129  9:37  Photon Cannon  
  129  9:38  Photon Cannon x2  
  129  9:39  Disruptor  
  132  9:46  Archon x2  
  129  10:03  Observer  
  129  10:04  Stalker x6  
  129  10:05  Stalker x2  
  145  10:09  Robotics Facility  
  145  10:20  Zealot  
  145  10:21  Gateway  
  146  10:45  Stalker x4  
  146  10:46  Stalker x5  
  119  11:01  Immortal x2  
  127  11:12  High Templar  
  127  11:13  High Templar x3  
  127  11:18  Cybernetics Core  
  131  11:32  Archon  
  131  11:33  Archon  
  131  11:37  Zealot x6  
  128  11:43  Probe  
  117  11:52  Pylon  
  95  11:55  Stalker x3  
Show
View Real Time Build Order
Export as new Build Order

Reynor Zerg - Winner!

Build Orders: Hatch First 

Get SALT Encoding   

  12  0:01  Drone  
  13  0:12  Overlord  
  13  0:16  Drone  
  14  0:31  Drone x2  
  16  0:49  Hatchery  
  15  0:52  Drone  
  15  0:56  Drone  
  17  0:59  Drone  
  18  1:10  Extractor  
  17  1:15  Spawning Pool  
  17  1:17  Drone  
  17  1:20  Drone  
  18  1:28  Drone  
  19  1:39  Drone  
  20  1:50  Overlord  
  20  2:01  Queen x2  
  20  2:02  Zergling x2  
  20  2:03  Zergling x2  
  26  2:13  Drone x2  
  28  2:21  Zergling x2  
  29  2:25  Drone, Metabolic Boost  
  30  2:37  Hatchery  
  30  2:43  Drone x2  
  31  2:44  Zergling x2  
  32  2:52  Queen  
  32  2:57  Overlord  
  33  2:59  Drone  
  33  3:01  Drone  
  35  3:16  Overlord  
  35  3:18  Drone x4  
  35  3:19  Drone  
  40  3:29  Zergling x4  
  42  3:34  Queen  
  42  3:35  Spore Crawler  
  42  3:36  Drone  
  42  3:39  Drone  
  45  3:49  Drone x3  
  45  3:50  Queen  
  45  3:54  Drone x3  
  53  3:59  Drone, Overlord  
  53  4:01  Drone  
  55  4:05  Zergling x4  
  57  4:10  Spine Crawler  
  57  4:13  Roach Warren  
  57  4:15  Drone  
  56  4:19  Drone  
  56  4:20  Spore Crawler  
  56  4:21  Zergling x4  
  56  4:23  Zergling x2  
  59  4:24  Zergling x2  
  59  4:27  Zergling x2  
  59  4:31  Spore Crawler  
  60  4:36  Zergling x6  
  60  4:37  Zergling x4  
  65  4:40  Overlord  
  65  4:43  Overlord  
  65  4:55  Overlord  
  65  5:03  Roach x8  
  81  5:11  Overlord  
  81  5:14  Drone  
  81  5:15  Drone x5  
  81  5:17  Drone  
  81  5:19  Drone  
  89  5:27  Overlord  
  89  5:30  Drone x2  
  89  5:33  Drone, Lair  
  92  5:37  Drone  
  92  5:39  Extractor  
  92  5:40  Drone x3, Extractor  
  94  5:45  Drone x2  
  94  5:47  Drone  
  94  5:49  Extractor  
  96  5:50  Evolution Chamber, Extractor  
  96  5:52  Drone  
  96  5:54  Queen  
  96  5:55  Drone  
  98  5:59  Drone  
  98  6:03  Overlord  
  98  6:05  Drone  
  98  6:08  Drone  
  98  6:09  Drone x3  
  103  6:15  Drone x3  
  103  6:16  Overlord  
  103  6:17  Zerg Missile Weapons Level 1  
  106  6:22  Overlord  
  106  6:23  Drone  
  107  6:26  Drone  
  107  6:28  Drone  
  107  6:30  Extractor  
  107  6:32  Drone  
  109  6:33  Pneumatized Carapace  
  109  6:34  Overseer  
  109  6:37  Drone x3  
  109  6:38  Drone x2  
  114  6:40  Glial Reconstitution, Hatchery  
  114  6:42  Drone x2  
  114  6:43  Drone, Overlord  
  116  6:47  Roach  
  116  6:48  Roach  
  116  6:49  Roach  
  116  6:52  Roach  
  124  6:54  Overlord  
  124  6:59  Roach  
  124  7:01  Roach  
  128  7:05  Roach x3  
  136  7:08  Roach  
  136  7:09  Overlord  
  136  7:12  Ravager x2  
  136  7:14  Overlord  
  138  7:22  Overlord  
  138  7:24  Roach x4  
  138  7:27  Overlord  
  146  7:31  Drone x3  
  146  7:34  Ravager x3  
  146  7:35  Roach x2  
  156  7:41  Drone, Spine Crawler  
  156  7:47  Ravager x3  
  156  7:48  Drone x4  
  156  7:50  Roach x3  
  169  7:53  Drone  
  169  7:54  Overlord  
  169  7:55  Evolution Chamber  
  169  7:56  Overlord  
  169  8:01  Roach x2  
  169  8:03  Burrow  
  169  8:05  Tunneling Claws  
  172  8:08  Roach x2  
  172  8:12  Roach, Zergling x10  
  179  8:16  Overlord  
  177  8:20  Drone x4  
  177  8:21  Drone  
  177  8:22  Zerg Melee Weapons Level 1  
  177  8:23  Baneling Nest  
  177  8:25  Zergling x8  
  176  8:34  Overlord  
  176  8:35  Roach, Zergling x6  
  176  8:36  Zergling x2  
  176  8:40  Roach, Zergling x10  
  189  8:44  Roach x3, Zergling x2  
  189  8:48  Roach x2, Zergling x2  
  190  8:55  Roach  
  184  9:01  Roach x2  
  184  9:02  Roach  
  190  9:06  Hatchery, Roach  
  190  9:09  Roach x4  
  186  9:10  Roach  
  186  9:12  Roach x2  
  186  9:13  Roach x9  
  186  9:15  Roach, Zergling x4  
  186  9:16  Centrifical Hooks  
  176  9:21  Roach x2  
  178  9:24  Roach x9  
  178  9:26  Zergling x4  
  178  9:27  Extractor  
  178  9:31  Roach, Zergling x6  
  183  9:36  Zergling x10  
  189  9:38  Zerg Missile Weapons Level 2  
  189  9:42  Zergling x4  
  189  9:43  Zergling x2  
  189  9:45  Ravager x2  
  194  9:49  Zergling x2  
  192  9:54  Zergling x6  
  195  10:03  Zergling x10  
  195  10:04  Overlord  
  200  10:08  Overlord  
  200  10:10  Baneling x5  
  200  10:11  Baneling x14  
  200  10:14  Zergling x14  
  200  10:16  Baneling  
  200  10:17  Baneling x15  
  199  10:38  Zergling x4  
  199  10:39  Zergling x30  
  189  10:44  Roach, Zergling x6  
  189  10:49  Roach  
  179  10:51  Hatchery  
  179  10:52  Zergling x6  
  179  10:54  Roach, Zergling x4  
  180  10:59  Roach x22  
  180  11:00  Roach, Zergling x6  
  180  11:03  Zergling x12  
  191  11:05  Baneling x14  
  191  11:06  Baneling x9  
  191  11:09  Baneling x5  
  191  11:11  Drone  
  191  11:12  Drone  
  191  11:14  Zergling x4  
  191  11:15  Zergling x2  
  191  11:16  Baneling x6  
  196  11:19  Baneling x2  
  196  11:21  Zergling x8  
  196  11:23  Zergling x2  
  199  11:29  Zergling x4  
  187  11:33  Zergling x2  
  187  11:34  Zergling x20  
  187  11:36  Zergling x2  
  187  11:37  Roach, Zergling x2  
  187  11:40  Zergling x2  
Tags
 
Add a new tag
Caveats
  • Supply blocks, unpowered buildings, or Contaminate may cause inaccurate times.
  • Supply counts are checked every 10 seconds.